 Dungeon Crawl Stone Soup version 0.23-a0-310-gdcc7a32 (webtiles) character file.

469 namelastname112 the Grave Robber (level 6, -2/52 HPs)
             Began as a Draconian Wanderer on Oct 12, 2018.
             Killed by divine providence
             ... invoked by an orc priest
              (13 damage)
             ... on level 5 of the Dungeon.
             The game lasted 00:08:26 (3850 turns).

namelastname112 the Grave Robber (DrWn)             Turns: 3850, Time: 00:08:26

Health: -2/52      AC:  8    Str: 14    XL:     6   Next: 82%
Magic:  11/11      EV: 13    Int: 13    God:
Gold:   296        SH:  0    Dex: 12    Spells: 8/12 levels left

rFire    . . .     SeeInvis .   n - +2 short sword (drain)
rCold    + . .     Gourm    .   (no shield)
rNeg     . . .     Faith    .   (armour unavailable)
rPois    .         Spirit   .   (helmet restricted)
rElec    .         Reflect  .   m - scarf {cloud immunity}
rCorr    .         Harm     .   (no gloves)
MR       +....                  u - +1 pair of boots
Stlth    +.........             (no amulet)
HPRegen  0.17/turn              q - ring of protection from cold
MPRegen  0.12/turn              c - ring of protection from magic

@: no status effects
A: unfitting armour, cold-blooded, AC +6
a: no special abilities


You were on level 5 of the Dungeon.
You were very hungry.

You visited 1 branch of the dungeon, and saw 5 of its levels.
You also visited: Sewer.

You collected 296 gold pieces.

Inventory:

Hand Weapons
 n - a +2 short sword of draining (weapon)
Armour
 m - a scarf of cloud immunity (worn)
 u - a +1 pair of boots (worn)
Jewellery
 c - a ring of protection from magic (right hand)
 q - a ring of protection from cold (left hand)
 v - an uncursed ring of fire
Scrolls
 a - 6 scrolls of teleportation
 e - 2 scrolls of enchant armour
 h - a scroll of identify
 i - 2 scrolls of magic mapping
 l - 3 scrolls of remove curse
Potions
 b - a potion of flight
 j - 2 potions of degeneration
 k - a potion of haste
 r - 2 potions of ambrosia
 s - a potion of magic
 t - a potion of curing
 w - a potion of might
Comestibles
 d - 7 rations


   Skills:
 + Level 3.8 Fighting
 + Level 3.1 Dodging
   Level 1.0 Shields
 - Level 1.0 Unarmed Combat
 + Level 3.6 Spellcasting
 - Level 1.0 Charms
 * Level 4.3 Necromancy
   Level 1.0 Evocations


You had 8 spell levels left.
You knew the following spells:

 Your Spells              Type           Power        Failure   Level  Hunger
a - Animate Skeleton      Necr           N/A          3%          1    #......
d - Regeneration          Chrm/Necr      #.........   22%         3    ###....

Your spell library contained the following spells:

 Spells                   Type           Power        Failure   Level  Hunger
 Pain                     Necr           ##..         3%          1    #......
 Vampiric Draining        Necr           ##........   11%         3    ###....
 Summon Small Mammal      Summ           #...         22%         1    #......
 Call Imp                 Summ           #.......     32%         2    ##.....
 Searing Ray              Conj           #.....       32%         2    ##.....
 Throw Flame              Conj/Fire      #.....       32%         2    ##.....
 Animate Dead             Necr           N/A          36%         4    #####..
 Call Canine Familiar     Summ           #.......     54%         3    ###....
 Summon Guardian Golem    Hex/Summ       #.......     54%         3    ###....
 Summon Ice Beast         Ice/Summ       #.......     91%         4    #####..
 Summon Lightning Spire   Summ/Air       #.......     91%         4    #####..


Dungeon Overview and Level Annotations

Branches:
Dungeon (5/15)
 Temple: D:4-7

Altars:
Ashenzari
Cheibriados
Gozag
Makhleb
Sif Muna
Wu Jian

Annotations:
D:3 2 transporters, galech's ghost, amateur DsFi


Innate Abilities, Weirdness & Mutations

Your plain brown scales are hard. (AC +6)
You cannot fit into any form of body armour.
You are cold-blooded and may be slowed by cold attacks.


Message History

Beogh smites you!
You take 8 damage, and have 20/52 hp.
You are too injured to fight recklessly!
You are too injured to fight recklessly!
You closely miss the shadow imp.
The shadow imp is severely wounded.
The shadow imp completely misses you.
You hit the shadow imp.
The shadow imp is almost dead.
The shadow imp gestures at you. You resist with some effort.
You hit the shadow imp.
You kill the shadow imp!
You closely miss the orc. The orc hits you with a flail.
You take 1 damage, and have 20/52 hp.
You barely miss the orc. The orc hits you with a flail!
* * * LOW HITPOINT WARNING * * *
The orc priest calls down the wrath of Beogh upon you.
Beogh smites you!
You die...

. #.###### ...
#...<..#######.....
######...@oo.......
########......
..... .... ... .# .


You could see an orc priest and an orc.

Vanquished Creatures
  Purgy (Sewer)
  A centaur (D:4)
  A scorpion (D:4)
  A centaur skeleton (D:5)
  A hound (D:4)
  2 orc wizards
  2 adders
  A shadow imp (D:5)
  4 worms
  8 leopard geckos
  6 orcs
  6 bats
  6 giant cockroaches
  4 goblins
  8 hobgoblins
  10 jackals
  6 kobolds
  3 quokkas
  3 ball pythons
  5 frilled lizards (Sewer)
  A leopard gecko skeleton (D:4)
  6 rats
86 creatures vanquished.

Vanquished Creatures (collateral kills)
  A ball python (D:1)
1 creature vanquished.

Grand Total: 87 creatures vanquished

Notes
Turn   | Place    | Note
-------+----------+-------------------------------------------
     0 | D:1      | namelastname112 the Draconian Wanderer began the quest for
                  | the Orb.
     0 | D:1      | namelastname112 set off with: a +0 club, a ration
     0 | D:1      | Reached XP level 1. HP: 16/16 MP: 3/3
     4 | D:1      | Learned a level 1 spell: Animate Skeleton
   276 | D:1      | Reached XP level 2. HP: 13/23 MP: 5/5
   945 | D:1      | Reached XP level 3. HP: 28/29 MP: 6/6
  1489 | D:2      | Found a snail-covered altar of Cheibriados.
  1623 | D:2      | Found an opulent altar of Gozag.
  2023 | D:3      | Reached XP level 4. HP: 37/37 MP: 8/8
  2169 | D:3      | Found a glowing drain.
  2189 | Sewer    | Entered a sewer
  2219 | Sewer    | Noticed Purgy
  2254 | Sewer    | Killed Purgy
  2254 | Sewer    | Reached skill level 3 in Necromancy
  2254 | Sewer    | Reached XP level 5. HP: 12/45 MP: 9/9
  2617 | D:3      | Noticed galech's ghost (amateur DsFi)
  2630 | D:3      | Found a transporter.
  2645 | D:3      | Found a transporter.
  2657 | D:3      | Found a burning altar of Makhleb.
  2660 | D:3      | Found a shattered altar of Ashenzari.
  2714 | D:3      | Learned a level 3 spell: Regeneration
  3127 | D:4      | Found a deep blue altar of Sif Muna.
  3293 | D:4      | Reached XP level 6. HP: 21/51 MP: 10/10
  3690 | D:4      | Found an ornate altar of the Wu Jian Council.
  3703 | D:4      | Reached skill level 4 in Necromancy
  3820 | D:5      | Entered Level 5 of the Dungeon
  3850 | D:5      | Killed from afar by an orc priest

Vault maps used:
D:1:      dpeg_arrival_connections, minmay_octomino_c4
D:2:      overflow_temple_1_default, lemuel_doored_altar,
          minmay_misc_feat_pillars, minmay_tree_intersection
D:3:      chequers_temple_overflow_statue_of_worship,
          gammafunk_ghost_stat_death, gup_sewer_entry_pipe
D:4:      overflow_temple_1_default, nicolae_overflow_crystal_walls,
          first_ration
D:5:      marbit_many_paths
Sewer:    sewer_co_purgy_island

Skill      XL: |  1  2  3  4  5  6 |
---------------+-------------------+-----
Fighting       | 2 3 |  3.8
Dodging        | 2 3 |  3.1
Spellcasting   | 3 |  3.6
Necromancy     | 3 4 |  4.3
Shields        | |  1.0
Unarmed Combat | |  1.0
Charms         | |  1.0
Evocations     | |  1.0

Action                   |  1- 3 |  4- 6 || total
-------------------------+-------+-------++-------
Melee: Club              |    39 |       ||    39
       Tailslap          |    17 |    11 ||    28
       Short sword       |    98 |   163 ||   261
       Punch             |     1 |       ||     1
 Cast: Animate Skeleton  |     9 |     6 ||    15
       Regeneration      |       |     2 ||     2
  Use: Potion            |       |     7 ||     7
       Scroll            |       |    12 ||    12
 Stab: Sleeping          |     4 |       ||     4
  Eat: Ration            |     1 |       ||     1
       Chunk             |       |     6 ||     6
Armor: Skin              |    58 |   111 ||   169
Dodge: Dodged            |   107 |   142 ||   249

Table legend:
 A = Non-vault XP
 B = Vault XP
 C = Vault XP percentage of total XP
 D = Non-vault monster count
 E = Vault monster count
 F = Vault count percentage of total count
                 A         B        C        D         E       F
            +---------+---------+-------+---------+---------+-------
      Total |     508 |     163 |  24.3 |      67 |      20 |  23.0
            +---------+---------+-------+---------+---------+-------
        D:1 |      34 |       9 |  20.9 |      21 |       5 |  19.2
        D:2 |      39 |       0 |   0.0 |      11 |       0 |   0.0
        D:3 |      47 |      19 |  28.8 |      18 |       7 |  28.0
        D:4 |     293 |       0 |   0.0 |      13 |       0 |   0.0
        D:5 |      95 |       0 |   0.0 |       4 |       0 |   0.0
      Sewer |       0 |     135 | 100.0 |       0 |       8 | 100.0
            +---------+---------+-------+---------+---------+-------
